 Dungeon Crawl Stone Soup version 0.19.1 (webtiles) character file.

711 JeffiDaFish the Cudgeler (level 7, -2/44 HPs)
             Began as a Gargoyle Fighter on Dec 1, 2016.
             Killed by Freeze
             ... invoked by anubisbafoobis's ghost
              (18 damage)
             ... on level 5 of the Dungeon.
             The game lasted 00:10:34 (3695 turns).

JeffiDaFish the Cudgeler (Gargoyle Fighter)         Turns: 3695, Time: 00:10:35

Health: -2/44      AC: 18    Str: 20    XL:     7   Next: 68%
Magic:  0/16       EV:  9    Int:  6    God:
Gold:   27         SH: 10    Dex: 11    Spells: 0 memorised, 6 levels left

rFire  . . .     SeeInvis .     a - +0 flail
rCold  . . .     Gourm    .     o - +0 chain mail
rNeg   + . .     Faith    .     c - +0 shield
rPois  ∞         Spirit   +     l - +1 helmet
rElec  +         Reflect  .     (no cloak)
rCorr  .         Harm     .     (no gloves)
MR     .....                    b - +1 pair of boots {run}
Stlth  ..........               r - amulet of guardian spirit
                                s - ring of magical power
                                m - +3 ring of evasion

@: quick
A: big wings, hooves 1, dopey 1, negative energy resistance 1, electricity
resistance, unbreathing, petrification resistance, rot immunity, AC +4
a: Fly


You were on level 5 of the Dungeon.
You were not hungry.

You visited 1 branch of the dungeon, and saw 5 of its levels.

You collected 279 gold pieces.
You spent 252 gold pieces at shops.

Inventory:

Hand Weapons
 a - a +0 flail (weapon)
Armour
 b - a +1 pair of boots of running (worn)
 c - a +0 shield (worn)
 l - a +1 helmet (worn)
 o - a +0 chain mail (worn)
Jewellery
 m - a +3 ring of evasion (left hand)
 r - an amulet of guardian spirit (around neck)
 s - a ring of magical power (right hand)
 t - an uncursed amulet of the gourmand
Wands
 n - a wand of flame (25/48)
Scrolls
 e - a scroll of remove curse
 i - 4 scrolls of teleportation
 j - 2 scrolls of identify
 p - a scroll of blinking
Comestibles
 d - 3 chunks of flesh
 f - 4 bread rations
 g - 4 meat rations
 h - 2 beef jerkies


   Skills:
 + Level 4.5 Fighting
 + Level 5.7 Maces & Flails
 + Level 4.3 Armour
 + Level 1.2 Dodging
 + Level 0.5 Stealth
 + Level 5.6 Shields


You had 6 spell levels left.
You didn't know any spells.

Dungeon Overview and Level Annotations

Branches:
Dungeon (5/15)
 Temple: D:4-7

Altars:
Elyvilon
Nemelex Xobeh
Okawaru
Trog

Shops:
D:5 [:

Annotations:
D:5 anubisbafoobis's ghost, novice OpIE


Innate Abilities, Weirdness & Mutations

You are resistant to torment.
Your stone body is resilient. (AC +4)
You are immune to poison.
You resist negative energy. (rN+)
You are resistant to electric shocks. (rElec)
You can survive without breathing.
You are immune to petrification.
You are immune to rotting.
Your large and strong wings let you fly indefinitely.
You have large cloven feet.
You are dopey. (Int -2)


Message History

Anubisbafoobis's ghost is heavily damaged.
Anubisbafoobis's ghost hits you but does no damage.
You closely miss anubisbafoobis's ghost.
Anubisbafoobis's ghost is heavily damaged.
Anubisbafoobis's ghost hits you.
Anubisbafoobis's ghost casts a spell at you.
You are frozen.
* * * LOW HITPOINT WARNING * * *
You closely miss anubisbafoobis's ghost.
Anubisbafoobis's ghost is heavily damaged.
Anubisbafoobis's ghost says, "I was like you once."
Anubisbafoobis's ghost hits you.
* * * LOW HITPOINT WARNING * * *
You feel better.
You block anubisbafoobis's ghost's attack.
You hit anubisbafoobis's ghost.
Anubisbafoobis's ghost is heavily damaged.
Anubisbafoobis's ghost stares at you and mumbles some strange words.
You are frozen.
You die...

#....# ###.∩# ##.# #.##
######. #..### .......
#....# .......
#####...###### .......
............(#######.......
############....@W{.<......
#########....... .......
....... ....... .....(.
#######


You could see anubisbafoobis's ghost.

Vanquished Creatures
  2 ice beasts (D:5)
  A phantom (D:4)
  A bullfrog (D:5)
  A howler monkey (D:5)
  A bullfrog skeleton (D:4)
  Terence (D:2)
  Jessica (D:3)
  3 worker ants
  Robin (D:2)
  A gnoll (D:3)
  6 adders
  A shadow imp (D:5)
  An adder skeleton (D:4)
  3 worms
  A dart slug (D:1)
  7 orcs (D:3)
  3 giant cockroaches
  6 hobgoblins
  7 jackals
  2 ball pythons (D:1)
  7 bats
  5 frilled lizards
  14 goblins
  9 kobolds
  6 rats
91 creatures vanquished.

Notes
Turn   | Place    | Note
-------+----------+-------------------------------------------
     0 | D:1      | JeffiDaFish the Gargoyle Fighter began the quest for the Orb.
     0 | D:1      | Reached XP level 1. HP: 14/14 MP: 1/1
   300 | D:1      | Reached XP level 2. HP: 19/19 MP: 2/2
  1053 | D:2      | Gained mutation: You are dopey. (Int -2) [potion of mutation]
  1053 | D:2      | Gained mutation: You have large cloven feet. [potion of mutation]
  1053 | D:2      | Gained mutation: Your large and strong wings let you fly indefinitely. [potion of mutation]
  1185 | D:2      | Reached XP level 3. HP: 22/23 MP: 3/3
  1403 | D:2      | Noticed Terence
  1425 | D:2      | Killed Terence
  1425 | D:2      | Reached XP level 4. HP: 14/29 MP: 4/4
  1804 | D:2      | Noticed Robin
  1817 | D:2      | Killed Robin
  2272 | D:3      | Reached XP level 5. HP: 30/33 MP: 5/5
  2433 | D:3      | Noticed Jessica
  2452 | D:3      | Killed Jessica
  2625 | D:3      | Found an iron altar of Okawaru.
  2828 | D:4      | Reached XP level 6. HP: 36/38 MP: 6/6
  2863 | D:4      | Found a bloodstained altar of Trog.
  2863 | D:4      | Found a white marble altar of Elyvilon.
  2885 | D:4      | Noticed a phantom
  2949 | D:4      | Killed a phantom
  2949 | D:4      | Reached skill level 5 in Shields
  2997 | D:4      | Identified the cursed -2 helmet of Egalitarianism {Str+3} (You found it on level 4 of the Dungeon)
  3201 | D:4      | Found a sparkling altar of Nemelex Xobeh.
  3224 | D:5      | Entered Level 5 of the Dungeon
  3294 | D:5      | Found Meerph's Book Shop.
  3326 | D:5      | Reached skill level 1 in Dodging
  3326 | D:5      | Reached XP level 7. HP: 43/43 MP: 7/7
  3356 | D:5      | Reached skill level 5 in Maces & Flails
  3532 | D:5      | Found Garipruku's Antique Armour Shoppe.
  3562 | D:5      | Bought a pair of glowing boots for 252 gold pieces
  3567 | D:5      | Identified a +1 pair of boots of running (You bought it in a shop on level 5 of the Dungeon)
  3655 | D:5      | Noticed anubisbafoobis's ghost (novice OpIE)
  3695 | D:5      | Killed from afar by anubisbafoobis's ghost

Skill      XL: |  1  2  3  4  5  6  7 |
---------------+----------------------+-----
Armour         | 4 |  4.3
Maces & Flails | 3 4 5 |  5.7
Shields        | 4 5 |  5.6
Fighting       | 4 |  4.5
Dodging        | 1 |  1.2
Stealth        | |  0.5

Action                   |  1- 3 |  4- 6 |  7- 9 || total
-------------------------+-------+-------+-------++-------
Melee: Flail             |   109 |   283 |    94 ||   486
       Kick              |    11 |    53 |    20 ||    84
  Use: Scroll            |     6 |     7 |     1 ||    14
       Potion            |     3 |     2 |     3 ||     8
  Eat: Chunk             |     2 |     7 |     1 ||    10
Armor: Scale mail        |    60 |       |       ||    60
       Chain mail        |       |   205 |    55 ||   260
Dodge: Dodged            |    42 |   140 |    27 ||   209
Block: Shield            |    65 |   198 |    55 ||   318
